 Dungeon Sprint DCSS version 0.26.1-11-gd32895ea62 (webtiles) character file.

Game seed: 16168562103909597432

7345 Eitelfritz the Carver (level 11, -17/105 HPs)
             Began as a Hill Orc Fighter on Apr 18, 2021.
             Was a Believer of Zin.
             Killed from afar by a lindwurm (21 damage)
             ... with a blast of flame
             ... in the Dungeon (Sprint IX: "|||||||||||||||||||||||||||||").
             The game lasted 00:05:56 (1818 turns).

Eitelfritz the Carver (Hill Orc Fighter)            Turns: 1818, Time: 00:05:56

Health: -17/105    AC:  7    Str: 29    XL:     11   Next: 13%
Magic:  21/21      EV: 14    Int:  8    God:    Zin [**....]
Gold:   7          SH: 13    Dex: 10    Spells: 10/10 levels left

rFire    . . .     SeeInvis .   a - +2 scimitar (flame)
rCold    . . .     Faith    .   c - +0 kite shield
rNeg     . . .     Spirit   .   d - +0 troll leather armour
rPois    .         Reflect  .   (no helmet)
rElec    .         Harm     .   (no cloak)
rCorr    .         Rampage  .   (no gloves)
Will     .....     NoTele   +   o - +0 pair of boots
Stlth    +.........             (no amulet)
HPRegen  0.67/turn              b - +3 ring of strength
MPRegen  0.17/turn              q - +3 ring of strength

@: no status effects
A: no striking features
a: Renounce Religion, Recite, Vitalisation, Donate Gold


You were in the Dungeon.
You worshipped Zin.
Zin was pleased with you.
You visited 1 branch You collected 7 gold pieces.

Inventory:

Hand Weapons
 a - a +2 scimitar of flaming (weapon)
Armour
 c - a +0 kite shield (worn)
 d - a +0 troll leather armour (worn)
 o - a +0 pair of boots (worn)
 p - a +1 scale mail
Jewellery
 b - a +3 ring of strength (left hand)
 q - a +3 ring of strength (right hand)
Wands
 n - a wand of acid (10)
Scrolls
 j - 2 scrolls of blinking
 l - 4 scrolls of remove curse
 m - 2 scrolls of amnesia
 r - 3 scrolls of fog
 s - 2 scrolls of enchant weapon
 t - a scroll of identify
 u - 2 scrolls of enchant armour
Potions
 e - 4 potions of curing
 g - 4 potions of haste
 h - 4 potions of magic
 i - 2 potions of brilliance


   Skills:
 + Level 12.6 Fighting
 + Level 14.9 Long Blades
 + Level 9.9 Armour
 + Level 7.3 Dodging
 + Level 1.1 Stealth
 + Level 12.8 Shields
 * Level 14.0 Invocations


You had 10 spell levels left.
You didn't know any spells.
Your spell library was empty.

Dungeon Overview and Level Annotations

Branches:
Dungeon (1/1)

Altars:
Cheibriados
Dithmenos
Elyvilon
Fedhas
Gozag
Hepliaklqana
Kikubaaqudgha
Makhleb
Nemelex Xobeh
Okawaru
Qazlal
Ru
Sif Muna
Trog
Uskayaw
Vehumet
Wu Jian
Xom
Yredelemnul
Zin
The Shining One
Beogh
Jiyva
Lugonu


Message History

You barely miss the lindwurm.
The lindwurm bites you but does no damage.
You block the lindwurm's attack. The lindwurm closely misses you.
You slash the lindwurm! You burn the lindwurm.
The lindwurm is moderately wounded.
You block the lindwurm's attack. x2
The lindwurm claws you but does no damage.
You slash the lindwurm! You burn the lindwurm.
The lindwurm is severely wounded.
The lindwurm breathes flames at you. The blast of flame hits you!
* * * LOW HITPOINT WARNING * * *
You hit the lindwurm but do no damage.
The lindwurm is severely wounded.
A tyrant leech comes into view.
You hit the lindwurm. You burn the lindwurm.
The lindwurm is almost dead.
The lindwurm breathes flames at you. The blast of flame hits you!!
You die...

▓.▓.▓[▓
▓w▓.▓[▓
▓.▓.▓.▓
▓.▓.▓.▓
▓.▓.▓)▓
▓.▓.▓.▓
▓.▓.▓.▓
▓k▓.▓'▓
▓@▓.▓_▓
▓.▓.▓_▓
▓.▓.▓_▓
▓†▓.▓_▓
▓†▓.▓_▓
▓.▓.▓_▓
▓.▓.▓_▓
▓.▓.▓_▓
▓†▓.▓_▓


You could see a tyrant leech and a lindwurm (catching breath).

Vanquished Creatures
  2 hydras (D)
  A death yak (D)
  A death knight (D)
  A manticore (D)
  An elephant (D)
  A cane toad (D)
  A rime drake (D)
  3 komodo dragons (D)
  A troll (D)
  A polar bear (D)
  3 tyrant leeches (D)
  3 blink frogs (D)
  A yak (D)
  A wyvern (D)
  A basilisk (D)
  A water moccasin (D)
  A phantom (D)
  An ice beast (D)
  An ogre (D)
  A bullfrog (D)
  2 scorpions (D)
  A wight (D)
  An iguana (D)
  4 adders (D)
  A gnoll (D)
  An ooze (D)
  An adder zombie (D)
  3 worms (D)
  A bat zombie (D)
  2 goblins (D)
  A kobold (D)
  A rat (D)
46 creatures vanquished.

Notes
Turn   | Place    | Note
-------+----------+-------------------------------------------
     0 | D        | Eitelfritz the Hill Orc Fighter began the quest for the
                  | Orb.
     0 | D        | Reached XP level 1. HP: 19/19 MP: 1/1
    13 | D        | Reached XP level 2. HP: 18/28 MP: 2/2
   121 | D        | Noticed an ogre
   135 | D        | Reached skill level 5 in Fighting
   135 | D        | Reached skill level 5 in Shields
   135 | D        | Reached XP level 3. HP: 27/36 MP: 3/3
   163 | D        | Killed an ogre
   164 | D        | Reached XP level 4. HP: 16/44 MP: 4/4
   164 | D        | Reached XP level 5. HP: 18/50 MP: 5/5
   394 | D        | Found a roughly hewn altar of Beogh.
   394 | D        | Found a snail-covered altar of Cheibriados.
   394 | D        | Found a shadowy altar of Dithmenos.
   394 | D        | Found a white marble altar of Elyvilon.
   394 | D        | Found a blossoming altar of Fedhas.
   394 | D        | Found an opulent altar of Gozag.
   395 | D        | Found a hazy altar of Hepliaklqana.
   396 | D        | Found a viscous altar of Jiyva.
   397 | D        | Found an ancient bone altar of Kikubaaqudgha.
   398 | D        | Found a corrupted altar of Lugonu.
   399 | D        | Found a burning altar of Makhleb.
   400 | D        | Found a sparkling altar of Nemelex Xobeh.
   401 | D        | Found an iron altar of Okawaru.
   402 | D        | Found a stormy altar of Qazlal.
   403 | D        | Found a sacrificial altar of Ru.
   404 | D        | Found a shimmering blue altar of Sif Muna.
   405 | D        | Found a bloodstained altar of Trog.
   406 | D        | Found a hide-covered altar of Uskayaw.
   407 | D        | Found a radiant altar of Vehumet.
   408 | D        | Found an ornate altar of the Wu Jian Council.
   409 | D        | Found a shimmering altar of Xom.
   410 | D        | Found a basalt altar of Yredelemnul.
   411 | D        | Found a glowing silver altar of Zin.
   412 | D        | Found a glowing golden altar of the Shining One.
   419 | D        | Became a worshipper of Zin the Law-Giver
   460 | D        | Noticed a troll
   470 | D        | Reached skill level 1 in Dodging
   481 | D        | Killed a troll
   482 | D        | Reached skill level 5 in Invocations
   482 | D        | Reached XP level 6. HP: 35/60 MP: 6/10
   484 | D        | Reached XP level 7. HP: 39/66 MP: 6/11
   627 | D        | Noticed a death knight
   627 | D        | Noticed a manticore
   633 | D        | Killed a manticore
   634 | D        | Reached skill level 10 in Long Blades
   634 | D        | Reached XP level 8. HP: 57/74 MP: 11/14
   651 | D        | Killed a death knight
   652 | D        | Reached skill level 10 in Shields
   666 | D        | Reached XP level 9. HP: 9/82 MP: 14/16
   884 | D        | Noticed a komodo dragon
   884 | D        | Noticed a cane toad
   884 | D        | Noticed a six-headed hydra
   887 | D        | Reached skill level 10 in Invocations
   890 | D        | Killed a three-headed hydra
   895 | D        | Killed a cane toad
   896 | D        | Reached skill level 10 in Fighting
   896 | D        | Reached skill level 5 in Dodging
   899 | D        | HP: 4/85 [blink frog (8)]
   901 | D        | Zin protects you from harm!
   906 | D        | Killed a komodo dragon
   909 | D        | Reached XP level 10. HP: 25/94 MP: 18/18
   921 | D        | Noticed an elephant
  1057 | D        | Killed an elephant
  1128 | D        | Noticed a death yak
  1129 | D        | Noticed a seven-headed hydra
  1165 | D        | Killed a death yak
  1171 | D        | Killed a three-headed hydra
  1455 | D        | Reached XP level 11. HP: 76/104 MP: 21/21
  1513 | D        | Noticed a lindwurm
  1518 | D        | Reached * piety under Zin
  1698 | D        | Reached skill level 1 in Stealth
  1803 | D        | Reached ** piety under Zin
  1816 | D        | HP: 3/105 [lindwurm/blast of flame (15)]
  1818 | D        | Killed from afar by a lindwurm

Illustrated notes

Levels and vault maps discovered:
D:        linesprint [early_d, line_temple, items_1, d_10, items_2, lair_1,
          lair_end, items_3, orc_1, orc_end, items_4, d_15, swamp_1, shoals_1,
          snake_1, spider_1, d_20, vaults_1, items_5, swamp_end, shoals_end,
          snake_end, spider_end, vaults_end, d_27, items_6, zot_1, zot_end,
          crypt_end, forest_end, elf_end, slime_end, tomb_end, abyss_end,
          pan_hell_end]

Skill      XL: |  1  2  3  4  5  6  7  8  9 10 11 |
---------------+----------------------------------+-----
Fighting       | 4 5 6 7 8 10 12 | 12.6
Armour         | 4 6 7 8 9 |  9.9
Shields        | 5 6 8 9 10 11 12 | 12.8
Long Blades    | 3 6 9 10 11 13 14 | 14.9
Invocations    | 5 8 9 11 13 14 | 14.0
Dodging        | 2 4 5 7 |  7.3
Stealth        | 1 |  1.1

Action                   |  1- 3 |  4- 6 |  7- 9 | 10-12 || total
-------------------------+-------+-------+-------+-------++-------
Melee: Long sword        |    61 |    10 |       |       ||    71
       Scimitar          |       |    20 |    54 |   157 ||   231
  Use: Potion            |       |     3 |     3 |     3 ||     9
 Stab: Invisible         |       |       |       |     1 ||     1
Armor: Scale mail        |    20 |    18 |       |       ||    38
       Troll leather arm |       |       |     8 |    21 ||    29
Dodge: Dodged            |    23 |    11 |    18 |    31 ||    83
Block: Kite shield       |    29 |    24 |    29 |    68 ||   150
       Rpst.: Long sword |     3 |       |       |       ||     3
       Scimitar          |       |     1 |     5 |     7 ||    13
